 Dungeon Crawl Stone Soup version 0.30.1-11-g7821555f0a (webtiles) character file.

Game seed: 7559512375619442896

551 Kallu the Chiller (level 6, -3/50 HPs)
             Began as a Demigod Ice Elementalist on Dec 23, 2023.
             Slain by a steam dragon (7 damage)
             ... on level 5 of the Dungeon.
             The game lasted 00:10:07 (4271 turns).

Kallu the Chiller (Demigod Ice Elementalist)        Turns: 4271, Time: 00:10:08

Health: -3/50      AC:  5    Str:  9    XL:     6   Next: 80%
Magic:  8/14       EV: 12    Int: 25    God:
Gold:   194        SH:  0    Dex: 14    Spells: 5/12 levels left

rFire   . . .        a - +1 spear (venom)
rCold   . . .        (no shield)
rNeg    . . .        c - +0 robe
rPois   .            t - +2 helmet
rElec   .            (no cloak)
rCorr   .            (no gloves)
SInv    .            (no boots)
Will    .....        (no amulet)
Stlth   ++           (no ring)
HPRegen 0.28/turn    (no ring)
MPRegen 0.14/turn

%: no passive effects
@: no status effects
A: high MP 1, forlorn, divine attributes
a: no special abilities


You were on level 5 of the Dungeon.
You visited 2 branches of the dungeon, and saw 6 of its levels.

You collected 194 gold pieces.

Inventory:

Hand Weapons
 a - a +1 spear of venom (weapon)
Armour
 c - a +0 robe (worn)
 t - a +2 helmet (worn)
Jewellery
 q - a +6 ring of dexterity
Wands
 o - a wand of digging (1)
Scrolls
 d - 4 scrolls of identify {unknown}
 f - a scroll of fog
 k - a scroll of teleportation {unknown}
 m - a scroll of brand weapon {unknown}
 n - 4 scrolls of fear {unknown}
 r - a scroll of amnesia {unknown}
 s - a scroll of magic mapping {unknown}
 u - a scroll of poison {unknown}
 w - a scroll of vulnerability {unknown}
Potions
 b - a potion of magic
 e - 2 potions of haste {unknown}
 g - 3 potions of curing
 h - 2 potions of lignification {unknown}
 i - a potion of brilliance {unknown}
 j - a potion of degeneration {unknown}
 l - a potion of cancellation
 p - a potion of attraction {unknown}
 v - a potion of might {unknown}
 x - a potion of berserk rage {unknown}


   Skills:
 + Level 2.9 Fighting
 - Level 1.7 Dodging
 - Level 1.7 Stealth
 + Level 3.6 Spellcasting
 * Level 6.1 Ice Magic


You had 5 spell levels left.
You knew the following spells:

 Your Spells              Type           Power      Damage    Failure   Level
a - Freeze                Ice            100%       1d10      1%          1
b - Frozen Ramparts       Ice            70%        1d11      2%          3
c - Ozocubu's Armour      Ice            35%        N/A       2%          3

Your spell library contained the following spells:

 Spells                   Type           Power      Damage    Failure   Level
 Summon Ice Beast         Ice/Summ       19%        N/A       26%         4
 Summon Guardian Golem    Hex/Summ       4%         N/A       28%         3
 Tukima's Dance           Hex            4%         N/A       28%         3
 Passage of Golubria      Tloc           4%         N/A       67%         4
 Agony                    Necr           4%         N/A       95%         5
 Yara's Violent Unravell  Hex/Tmut       2%         3d3       95%         5
 Haunt                    Necr/Summ      2%         N/A       100%        7


Dungeon Overview and Level Annotations

Branches:
Dungeon (5/15)             Temple (1/1) D:4


Innate Abilities, Weirdness & Mutations

You have an increased reservoir of magic. (+10% MP)
You shall have no god before yourself.
Your divine heritage dramatically boosts your attributes as you level up.


Message History

It was a potion of curing.
You feel better.
You are engulfed in a cloud of scalding steam.
* * * LOW HITPOINT WARNING * * *
The wall freezes the centaur.
The centaur shoots an arrow.
The arrow barely misses you. The heat melts your icy armour.
Casting: Freeze (safe; 1% risk of failure)
Confirm with . or Enter, or press ? or * to list all spells.
Aiming: Freeze (safe; 1% risk of failure)
Press: ? - help, Shift-Dir - straight line, f - steam dragon
Aim: a steam dragon (catching its breath)
You freeze the steam dragon.
The steam dragon is lightly wounded.
You are engulfed in a cloud of scalding steam.
* * * LOW HITPOINT WARNING * * *
The wall freezes the centaur!
You kill the centaur!
The wall freezes the iguana but does no damage.
The wall freezes the steam dragon.
The steam dragon completely misses you.
The steam dragon claws you but does no damage.
The heat melts your icy armour.
Casting: Freeze (safe; 1% risk of failure)
Confirm with . or Enter, or press ? or * to list all spells.
Aiming: Freeze (safe; 1% risk of failure)
Press: ? - help, Shift-Dir - straight line, f/p - steam dragon
Aim: a steam dragon (moderately wounded, catching its breath)
Okay, then.
As you read the scroll labelled ZAOXKY VEWYE, it crumbles to dust.
The scroll dissolves into smoke.
It was a scroll of fog.
The wall freezes the steam dragon.
The steam dragon closely misses you.
The steam dragon claws you but does no damage.
The wall freezes the iguana!
The iguana bites you!
* * * LOW HITPOINT WARNING * * *
Okay, then.
It was a potion of cancellation.
Your magical effects are unravelling.
You feel magically purged.
Your icy armour evaporates.
The frozen ramparts melt away.
The steam dragon bites you!
You die...

### . #####... #.##
##.....#
...###.....## .
#..........# ..
####.§...§...#....$
.....§D§§..........
##. ##@§...## ....
.....#l§.§...##....
........§.........
..............#..
.....##.....#.# #
..... ##...#..# ..
.... #####.## .#
.... ###..# .# .
#...######.#


You could see a steam dragon (catching breath) and an iguana.

Vanquished Creatures
  Sigmund (D:2)
  A centaur (D:5)
  A hound (D:3)
  An orc priest (D:2)
  An iguana (D:5)
  8 gnolls
  2 adders
  3 worms
  2 dart slugs
  10 orcs
  9 ball pythons
  4 bats
  14 endoplasms
  4 giant cockroaches
  9 goblins
  10 hobgoblins
  9 jackals
  4 kobolds
  3 quokkas
  4 frilled lizards (D:2)
  8 rats
108 creatures vanquished.

Notes
Turn   | Place    | Note
-------+----------+-------------------------------------------
     0 | D:1      | Kallu the Demigod Ice Elementalist began the quest for the
                  | Orb.
     0 | D:1      | Reached XP level 1. HP: 14/14 MP: 5/5
   172 | D:1      | Reached XP level 2. HP: 16/20 MP: 0/7
   336 | D:1      | Reached skill level 4 in Ice Magic
   577 | D:1      | Reached XP level 3. HP: 24/26 MP: 2/9
   903 | D:1      | Learned a level 3 spell: Frozen Ramparts
  1273 | D:2      | Noticed Sigmund
  1288 | D:2      | Killed Sigmund
  1289 | D:2      | Reached skill level 5 in Ice Magic
  1289 | D:2      | Reached XP level 4. HP: 22/36 MP: 5/11
  1289 | D:2      | Reached XP level 5. HP: 25/41 MP: 5/12
  1405 | D:2      | Learned a level 3 spell: Ozocubu's Armour
  2512 | D:3      | Reached XP level 6. HP: 49/49 MP: 1/13
  2674 | D:3      | Got the Notes on Enchantment and Exhumation
  4042 | D:4      | Found a staircase to the Ecumenical Temple.
  4141 | Temple   | Entered the Ecumenical Temple
  4152 | D:5      | Entered Level 5 of the Dungeon
  4176 | D:5      | Reached skill level 6 in Ice Magic
  4264 | D:5      | Noticed a steam dragon
  4271 | D:5      | Slain by a steam dragon

Illustrated notes

Levels and vault maps discovered:
D:1:      ebering_trefoil_twist, layout_rooms,
          shapermc_ecumenical_altar_totnotflames, serial_co_window_serial,
          co_window_of_opportunity_a, co_window_paths_a, co_window_paths_a,
          co_window_cross_1, co_window_of_opportunity_a, co_window_corner_a,
          co_window_of_opportunity_a, co_window_corner_b, co_window_broadway_b,
          co_window_corner_b, co_window_broadway_b, co_window_4corner_b,
          glass_columns_b, glass_columns_c
D:2:      layout_loops_corners, grunt_ministairs_12, uniq_sigmund
D:3:      layout_loops_ring, pdpol_temple_overflow_zin_treasury_gozag_greed,
          nicolae_overflow_ecumenical_swirl, minmay_fountain_box,
          minmay_misc_feat_cross
D:4:      layout_cave_pools, lemuel_round_altar, minmay_temple_entry_tees
D:5:      layout_rooms, gammafunk_ghost_nasty_kobolds, cheibrodos_gnoll_hut
Temple:   hellmonk_temple_micro_hex

Skill      XL: |  1  2  3  4  5  6 |
---------------+-------------------+-----
Spellcasting   | 2 3 |  3.6
Ice Magic      | 4 5 6 |  6.1
Fighting       | 2 |  2.9
Dodging        | |  1.7
Stealth        | |  1.7

Action                     |  1- 3 |  4- 6 || total
---------------------------+-------+-------++-------
  Melee: Long sword        |    17 |       ||    17
         Spear             |    42 |    81 ||   123
         Punch             |     1 |     1 ||     2
   Cast: Freeze            |    27 |     3 ||    30
         Frozen Ramparts   |     1 |    28 ||    29
         Ozocubu's Armour  |       |     6 ||     6
    Use: Potion            |       |     2 ||     2
         Scroll            |       |     1 ||     1
   Stab: Sleeping          |     3 |     9 ||    12
         Distracted        |       |     1 ||     1
 Armour: Robe              |    12 |    17 ||    29
  Dodge: Dodged            |    49 |    39 ||    88
